 Dungeon Crawl Stone Soup version 0.29-a0-563-g64e4043184 (webtiles) character file.

Game seed: 10318891893844234447

192 nobbins the Skirmisher (level 5, -6/33 HPs)
             Began as a Gargoyle Fighter on June 12, 2022.
             Was a Believer of Zin.
             Blown up by Ijyb (14 damage)
             ... with a mindburst bolt
             ... on level 3 of the Dungeon.
             The game lasted 00:07:25 (2591 turns).

nobbins the Skirmisher (Gargoyle Fighter)           Turns: 2591, Time: 00:07:25

Health: -6/33      AC: 11    Str: 21    XL:     5   Next: 71%
Magic:  5/5        EV: 11    Int:  7    God:    Zin [**....]
Gold:   109        SH:  5    Dex: 17    Spells: 4/4 levels left

rFire   x . .      SeeInvis .   i - +1 trident (venom)
rCold   . . .      Faith    .   c - +0 buckler
rNeg    + . .      Spirit   .   j - +1 leather armour of the Ant {rF- Int-2 Dex+8 Stlth+}
rPois   ∞          Reflect  .   (no helmet)
rElec   +          Harm     .   l - +2 cloak
rCorr   .          Rampage  .   (no gloves)
Will    .....                   (no boots)
Stlth   +++.......              (no amulet)
HPRegen 0.11/turn               (no ring)
MPRegen 0.09/turn               (no ring)

@: no status effects
A: sickness immunity, AC +4, negative energy resistance 1, electricity
resistance, torment resistance 1, petrification resistance
a: Renounce Religion, Recite, Vitalisation, Donate Gold


You were on level 3 of the Dungeon.
You worshipped Zin.
Zin was pleased with you.
You visited 1 branch of the dungeon, and saw 3 of its levels.

You collected 121 gold pieces.
You donated 12 gold pieces to Zin.

Inventory:

Hand Weapons
 a - a +0 flail
 i - a +1 trident of venom (weapon)
Missiles
 k - a throwing net (quivered)
Armour
 b - a +0 scale mail
 c - a +0 buckler (worn)
 j - the +1 leather armour of the Ant (worn) {rF- Int-2 Dex+8 Stlth+}
   (You found it on level 2 of the Dungeon)

   Int:       It affects your intelligence (-2).
   Dex:       It affects your dexterity (+8).
   rF:        It makes you vulnerable to fire.
   Stlth:     It makes you more stealthy.
 l - a +2 cloak (worn)
Scrolls
 n - a scroll of amnesia {unknown}
Potions
 f - 2 potions of brilliance {unknown}
 g - 2 potions of haste {unknown}
 h - a potion of berserk rage {unknown}
 m - a potion of degeneration {unknown}
Miscellaneous
 e - a tin of tremorstones (2/2)


   Skills:
 + Level 4.0 Fighting
 + Level 3.7 Maces & Flails
 + Level 1.0 Polearms
 + Level 3.9 Armour
 + Level 0.7 Dodging
 + Level 1.6 Stealth
 + Level 3.8 Shields
 + Level 0.1 Invocations


You had 4 spell levels left.
You didn't know any spells.
Your spell library contained the following spells:

 Spells                   Type           Power      Damage    Failure   Level
 Gell's Gravitas          Tloc           0%         N/A       91%         3
 Lesser Beckoning         Tloc           0%         N/A       91%         3
 Teleport Other           Tloc           0%         N/A       91%         3


Dungeon Overview and Level Annotations

Branches:
Dungeon (3/15)

Altars:
Zin

Annotations:
D:3 Ijyb


Innate Abilities, Weirdness & Mutations

You are immune to sickness and miasma.
Your stone body is resilient. (AC +4)
You are immune to poison.
You resist negative energy. (rN+)
You are resistant to electric shocks. (rElec)
You are resistant to unholy torment.
You are immune to petrification.


Message History

You kill the hobgoblin!
Ijyb the Twisted Goblin comes into view.
She is wielding a +0 dagger and carrying a wand of mindburst (11).
You hear the rusting of a very distant drain.
Ijyb shouts!
You hear a shout!
Items here: ))) [.
You see here a bat skeleton.
You hit the goblin.
You kill the goblin!
You closely miss the rat. You block the rat's attack.
You barely miss the rat. The rat bites you but does no damage.
You hit the rat.
You kill the rat!
Ijyb throws a stone.
The stone hits you. Ijyb hits you but does no damage.
You see here a +0 club.
You barely miss Ijyb. Ijyb closely misses you.
You barely miss Ijyb. Ijyb hits you but does no damage.
You closely miss Ijyb. Ijyb hits you but does no damage.
You block Ijyb's attack.
You closely miss Ijyb.
Ijyb zaps a wand.
Your mind is blasted!
* * * LOW HITPOINT WARNING * * *
Press: ? - help, v - describe, . - travel, g - get item
Here: Ijyb, wielding a +0 dagger, wearing a +0 leather armour, quivering stones and carrying a wand of mindburst (10) Item here: a bat skeleton.
The floor, spattered with blood.
Okay, then.
Okay, then.
You hit Ijyb.
Ijyb is poisoned.
Ijyb is lightly wounded.
You block Ijyb's attack.
You hit Ijyb.
Ijyb looks as sick as possible!
Ijyb is moderately wounded.
Ijyb zaps a wand.
You barely resist. Ijyb hits you but does no damage.
You barely miss Ijyb.
Ijyb is heavily wounded.
Ijyb barely misses you.
You closely miss Ijyb.
Ijyb is heavily wounded.
Ijyb zaps a wand.
Your mind is blasted!
You die...

. ##.## #....>####...#....# ##.
.........#...#...##.#..#
##..###g#########...........##
.g.#.....## #.##.#######.##
.r.......)### #.##.#.....#...
.........)..# #.##.#.#.#.#...
...###'.g##.# #..).÷.#.#..... ..
#.....)..########÷#.#÷#.#...
....#.......))g@......#...).#...
.............########.#######...
....#......#.# ##.......... ...
#......#... ............ ..
#......#..... #########.#..
####.###.#### .... ... ..# ...
#### ### ...


You could see Ijyb (very poisoned) and a hobgoblin (wandering).

Vanquished Creatures
  2 orc priests (D:3)
  6 adders (D:2)
  2 dart slugs
  5 orcs (D:3)
  3 bats
  5 endoplasms
  A giant cockroach (D:1)
  12 goblins
  7 hobgoblins
  8 jackals
  2 kobolds
  2 quokkas (D:1)
  4 ball pythons
  4 frilled lizards
  3 rats
66 creatures vanquished.

Vanquished Creatures (others)
  6 plants (D:3)
6 creatures vanquished.

Grand Total: 72 creatures vanquished

Notes
Turn   | Place    | Note
-------+----------+-------------------------------------------
     0 | D:1      | nobbins the Gargoyle Fighter began the quest for the Orb.
     0 | D:1      | Reached XP level 1. HP: 14/14 MP: 1/1
   236 | D:1      | Reached XP level 2. HP: 19/19 MP: 2/2
   665 | D:1      | Reached XP level 3. HP: 23/24 MP: 3/3
  1098 | D:1      | Found a faded altar of an unknown god.
  1101 | D:1      | Prayed at the altar of an unknown god.
  1101 | D:1      | Became a worshipper of Zin the Law-Giver
  1101 | D:1      | Reached * piety under Zin
  1480 | D:2      | Reached XP level 4. HP: 27/29 MP: 4/4
  1617 | D:2      | Reached ** piety under Zin
  1653 | D:2      | Identified the +1 leather armour of the Ant {rF- Int-2
                  | Dex+8 Stlth+}
  2326 | D:3      | Reached skill level 4 in Fighting
  2366 | D:3      | Reached XP level 5. HP: 11/33 MP: 2/5
  2372 | D:3      | Reached skill level 1 in Stealth
  2560 | D:3      | Reached skill level 1 in Polearms
  2571 | D:3      | Noticed Ijyb
  2591 | D:3      | Blown up by Ijyb

Illustrated notes

Levels and vault maps discovered:
D:1:      dpeg_arrival_castle, layout_basic,
          shapermc_ecumenical_altar_mp_vishouse
D:2:      layout_basic, serial_curves, eino_curves_02, eino_curves_04
D:3:      cheibrodos_old_hovel, layout_rooms, lightli_sewer_entry_pipes,
          minmay_checkerbox, uniq_natasha, uniq_ijyb, uniq_grinder,
          uniq_crazy_yiuf_cottage, uniq_robin

Skill      XL: |  1  2  3  4  5 |
---------------+----------------+-----
Maces & Flails | 3 |  3.7
Fighting       | 4 |  4.0
Stealth        | 1 |  1.6
Polearms       | 1 |  1.0
Armour         | |  3.9
Dodging        | |  0.7
Shields        | |  3.8
Invocations    | |  0.1

Action                   |  1- 3 |  4- 6 || total
-------------------------+-------+-------++-------
Melee: Flail             |   129 |     7 ||   136
       Trident           |       |    74 ||    74
Invok: Vitalisation      |       |     1 ||     1
  Use: Scroll            |       |     1 ||     1
       Potion            |       |     1 ||     1
 Stab: Sleeping          |       |     6 ||     6
Armor: Scale mail        |    73 |     4 ||    77
       Leather armour    |       |    23 ||    23
Dodge: Dodged            |    66 |    39 ||   105
Block: Buckler           |    25 |    17 ||    42

Table legend: (Time is in decaauts)
 A = Elapsed time spent in this place.
 B = Non-inter-level travel time spent in this place.
 C = Inter-level travel time spent in this place.
 D = Time resting spent in this place.
 E = Time spent auto-exploring this place.
 F = Levels seen in this place.
 G = Mean time per level.
                   A        B        C        D        E       F      G
               +--------+--------+--------+--------+--------+-----+--------+
         Total |   2661 |   2611 |     50 |    156 |   1764 |   3 |  887.0 |
       Dungeon |   2661 |   2611 |     50 |    156 |   1764 |   3 |  887.0 |
               +--------+--------+--------+--------+--------+-----+--------+

Top non-repeatable levels by time:
     D:1: 1258 daAuts
     D:2: 1077 daAuts
     D:3: 326 daAuts
